 Dungeon Crawl Stone Soup version 0.29.1-12-g30fa7ad0bf (webtiles) character file.

Game seed: 2179557948890396959

188 concernfroge the Magician (level 5, -1/33 (35) HPs)
             Began as a Demonspawn Necromancer on Jan 9, 2023.
             Was a Follower of Okawaru.
             Slain by an ufetubus (2 damage)
             ... on level 4 of the Dungeon.
             The game lasted 00:10:53 (3073 turns).

concernfroge the Magician (Demonspawn Necromancer)  Turns: 3073, Time: 00:10:53

HP:   -1/33 (35)    AC:  3    Str: 10    XL:     5   Next: 39%
MP:   4/12          EV: 12    Int: 16    God:    Okawaru [*.....]
Gold: 130           SH:  0    Dex: 14    Spells: 8/14 levels left

rFire   . . .      SeeInvis .   (no weapon)
rCold   . . .      Faith    .   (no shield)
rNeg    . . .      Spirit   .   a - +0 robe
rPois   .          Reflect  .   f - +0 helmet
rElec   .          Harm     .   (no cloak)
rCorr   .          Rampage  .   (no gloves)
Will    +....                   (no boots)
Stlth   ++........              (no amulet)
HPRegen 0.11/turn               i - ring of willpower
MPRegen 0.13/turn               (no ring)

@: drained
A: claws 1, ignite blood 1, wild magic 1, evolution 1, inability to drink after
injury 1
a: Renounce Religion, Heroism


You were on level 4 of the Dungeon.
You worshipped Okawaru.
Okawaru was aware of your devotion.
You visited 1 branch of the dungeon, and saw 4 of its levels.

You collected 130 gold pieces.

Inventory:

Armour
 a - a +0 robe (worn)
 f - a +0 helmet (worn)
Jewellery
 i - a ring of willpower (left claw)


   Skills:
 - Level 1.7 Dodging
 - Level 1.7 Stealth
 - Level 5.0 Spellcasting
 + Level 4.9 Necromancy


You had 8 spell levels left.
You knew the following spells:

 Your Spells              Type           Power      Damage    Failure   Level
a - Necrotise             Necr           100%       1d9       3%          1
b - Vampiric Draining     Necr           25%        2d7       10%         3
c - Poisonous Vapours     Pois/Air       10%        N/A       30%         2

Your spell library contained the following spells:

 Spells                   Type           Power      Damage    Failure   Level
 Agony                    Necr           25%        N/A       58%         5
 Corpse Rot               Necr/Pois/Air  11%        N/A       69%         4
 Animate Dead             Necr           Unusable   N/A       N/A         4

Dungeon Overview and Level Annotations

Branches:
Dungeon (4/15)
 Temple: D:4-7

Altars:
Okawaru

Annotations:
D:2 Sigmund


Innate Abilities, Weirdness & Mutations

You have sharp fingernails.
Your demonic aura sometimes causes spilled blood to erupt in flames.
Your spells are a little harder to cast, but a little more powerful.
You have hidden genetic potential.
You occasionally lose the ability to drink potions when taking damage.


Message History

Aiming: Vampiric Draining (dangerous; 6% risk of failure)
Press: ? - help, Shift-Dir - straight line, f/p - ufetubus
Aim: an ufetubus (not susceptible)
The ufetubus is unaffected.
The ufetubus hits you.
* * * LOW HITPOINT WARNING * * *
The ufetubus closely misses you. The quokka barely misses you.
Casting: Vampiric Draining (dangerous; 6% risk of failure)
Confirm with . or Enter, or press ? or * to list all spells.
Aiming: Vampiric Draining (dangerous; 6% risk of failure)
Press: ? - help, Shift-Dir - straight line, f - quokka, p - ufetubus
Aim: a quokka You draw life force from the quokka!
You kill the quokka!
Okawaru accepts your kill.
You feel life coursing into your body. The ufetubus closely misses you. x2
The ufetubus completely misses you.
The ufetubus hits you but does no damage.
Casting: Vampiric Draining (dangerous; 6% risk of failure)
Confirm with . or Enter, or press ? or * to list all spells.
You can't see any susceptible monsters within range! (Use Z to cast anyway.)
You miss the ufetubus. The ufetubus hits you.
* * * LOW HITPOINT WARNING * * *
The ufetubus barely misses you.
Casting: Vampiric Draining (dangerous; 6% risk of failure)
Confirm with . or Enter, or press ? or * to list all spells.
You can't see any susceptible monsters within range! (Use Z to cast anyway.) Unknown command.
You aren't carrying any scrolls.
Really quaff the potion of mutation?
You feel extremely strange.
You occasionally lose the ability to drink potions when taking damage.
You feel a hidden potential growing inside you.
You feel less in control of your magic. The ufetubus barely misses you.
The ufetubus hits you.
* * * LOW HITPOINT WARNING * * *
The ufetubus closely misses you. The ufetubus misses you.
You scratch the ufetubus.
The ufetubus is heavily wounded.
The ufetubus hits you.
You die...

*,,,,,,,,**,,,,,,,,*,,
#........##.#,***,,*,,
#........[...,,,,,,*,,
#............,****,,,,
#..$.........,,,,,,***
*............,,,,,,,,,
**#..........,,,,,,***
#..†.......,,,,,,,,,
#..@5.#**,*,********
#######**,*** *,,,,,,*
*,****,* *,****,*****
****** *,**,,,,,,,*****
*,,,,*******,**,,,,,,,,,,,*
*,,,,,,,,,,,,,,,,,,,,,,,,,*
*,,,,***,,,,,****,**,,,,,,*


You could see an ufetubus.

Vanquished Creatures
  2 orc priests
  A hound (D:3)
  5 adders
  2 worms (D:2)
  2 dart slugs (D:1)
  3 orcs
  A giant cockroach (D:3)
  5 goblins
  3 hobgoblins
  8 kobolds
  3 quokkas
  3 ball pythons
  3 bats
  3 frilled lizards
44 creatures vanquished.

Vanquished Creatures (collateral kills)
  An endoplasm (D:1)
1 creature vanquished.

Grand Total: 45 creatures vanquished

Notes
Turn   | Place    | Note
-------+----------+-------------------------------------------
     0 | D:1      | concernfroge the Demonspawn Necromancer began the quest for
                  | the Orb.
     0 | D:1      | Reached XP level 1. HP: 13/13 MP: 3/3
   155 | D:1      | Gained mutation: You have sharp fingernails. [demonic
                  | ancestry]
   155 | D:1      | Reached XP level 2. HP: 19/19 MP: 3/5
   363 | D:1      | Found a faded altar of an unknown god.
   370 | D:1      | Reached skill level 3 in Spellcasting
   374 | D:1      | Prayed at the altar of an unknown god.
   374 | D:1      | Became a worshipper of Warmaster Okawaru
   374 | D:1      | Reached * piety under Okawaru
   857 | D:2      | Reached XP level 3. HP: 23/24 MP: 3/7
  1665 | D:2      | Learned a level 3 spell: Vampiric Draining
  1668 | D:2      | Learned a level 2 spell: Poisonous Vapours
  1671 | D:2      | Reached skill level 4 in Spellcasting
  1735 | D:2      | Noticed Sigmund
  2083 | D:3      | Reached XP level 4. HP: 23/30 MP: 2/10
  2210 | D:3      | Noticed a necrophage
  2659 | D:3      | Reached skill level 5 in Spellcasting
  2659 | D:3      | Gained mutation: Your demonic aura sometimes causes spilled
                  | blood to erupt in flames. [demonic ancestry]
  2659 | D:3      | Reached XP level 5. HP: 10/35 MP: 3/12
  3072 | D:4      | Gained mutation: You occasionally lose the ability to drink
                  | potions when taking damage. [potion of mutation]
  3072 | D:4      | Gained mutation: You have hidden genetic potential. [potion
                  | of mutation]
  3072 | D:4      | Gained mutation: Your spells are a little harder to cast,
                  | but a little more powerful. [potion of mutation]
  3072 | D:4      | HP: 1/33 [ufetubus (3)]
  3073 | D:4      | Slain by an ufetubus

Illustrated notes

Levels and vault maps discovered:
D:1:      tarquinn_simple_flora_water_f, layout_basic, basic_ecumenical_altar
D:2:      layout_basic, chequers_serial_rivers_micro_c, uniq_sigmund
D:3:      layout_basic, lemuel_crystal_altar
D:4:      layout_basic, nicolae_sif_muna_little_library,
          mainiacjoe_overflow_tiny_flanked, minmay_quantized

Skill      XL: |  1  2  3  4 |
---------------+-------------+-----
Spellcasting   | 3 4 5 |  5.0
Dodging        | |  1.7
Stealth        | |  1.7
Necromancy     | |  4.9

Action                   |  1- 3 |  4- 6 || total
-------------------------+-------+-------++-------
Melee: Whip              |     1 |       ||     1
       Unarmed           |     1 |    18 ||    19
 Cast: Necrotise         |    64 |    32 ||    96
       Vampiric Draining |       |     5 ||     5
  Use: Scroll            |       |     9 ||     9
       Potion            |       |     4 ||     4
Armor: Robe              |     3 |     9 ||    12
Dodge: Dodged            |     9 |    34 ||    43
